 Dungeon Crawl Stone Soup version 0.32-a0-20-ge526923d97 (webtiles) character file.

Game seed: 9933732436256291815

1634224 cforsyth the Heavyweight Champion (level 27, 390/390 HPs)
             Began as an Oni Shapeshifter on Jan 18, 2024.
             Was the Champion of Qazlal.
             Escaped with the Orb
             ... and 3 runes!
             The game lasted 02:17:19 (77145 turns).

cforsyth the Heavyweight Champion (OnSh)           Turns: 77145, Time: 02:17:19

Health: 390/390    AC: 42    Str: 41    XL:     27
Magic:  33/33      EV: 23    Int: 11    God:    Qazlal [******]
Gold:   2965       SH: 29    Dex:  8    Spells: 26/26 levels left

rFire   + +          .
                       - Unarmed
rCold   + . .        o - +5 kite shield {AC+3}
rNeg    + . .        (body armour currently unavailable)
rPois   ∞            y - +1 hat of the Bequeathed God {rElec Will+ Str+5}
rElec   +            a - scarf {rC+ rF+}
rCorr   +            (gloves unavailable)
SInv    +            (boots unavailable)
Will    ++++.        E - amulet "Susmyxta" {Reflect +Inv rElec SH+5}
Stlth   +            t - ring of Wicwaosch {Fly rF+ Will+ rCorr SInv}
HPRegen 0.85/turn    A - ring of the Hare {EV+10}
MPRegen 0.23/turn

%: repel missiles, reflection
@: statue-form, flying, studying Invocations, very slow
A: slow and powerful, torment resistance 1, boosted hp, large, unfitting armour,
horns 1, (tough skin 1), double potion healing, drunken brawling, (iridescent
scales 1), deterioration 1, mutation resistance 1, wild magic 1, noise
suppression
0: Orb of Zot
}: 3/15 runes: serpentine, silver, abyssal
a: Begin Untransformation, Renounce Religion, Evoke Invisibility, Upheaval,
Elemental Force, Disaster Area


You escaped.
You worshipped Qazlal.
Qazlal was exalted by your worship.
You were a living statue of rough stone.
You visited 9 branches of the dungeon, and saw 44 of its levels.
You visited the Abyss 9 times.
You also visited: Trove, Ossuary, Bailey, Gauntlet, Ice Cave and Wizlab.

You collected 9737 gold pieces.
You spent 6772 gold pieces at shops.

Inventory:

Missiles
 U - 11 throwing nets (quivered)
Armour
 a - a scarf of resistance (worn)
 o - a +5 kite shield of protection (worn)
 y - the +1 hat of the Bequeathed God (worn) {rElec Will+ Str+5}
   (You acquired it on level 9 of the Dungeon)

   Str+5:     It affects your strength (+5).
   rElec:     It insulates you from electricity.
   Will+:     It increases your willpower.
 J - the +4 swamp dragon scales of the Turtle {^Drain rPois rC+ Int+3}
   (You found it in a treasure trove)

   Int+3:     It affects your intelligence (+3).
   rC+:       It protects you from cold.
   rPois:     It protects you from poison ^Drain: It drains your maximum health
   when unequipped.
Jewellery
 k - a ring of protection from fire
 t - the ring of Wicwaosch (left fist) {Fly rF+ Will+ rCorr SInv}
   (You acquired it on level 9 of the Dungeon)

   [ring of protection from fire]

   rF+:       It protects you from fire.
   Will+:     It increases your willpower.
   SInv:      It lets you see invisible.
   Fly:       It grants you flight.
   rCorr:     It protects you from acid and corrosion.
 w - the amulet "Qiutifim" {Spirit rF+ rCorr Int+2}
   (You found it in a treasure trove)

   [amulet of guardian spirit]

   Spirit:    It causes incoming damage to be divided between your reserves of
   health and magic.
   Int+2:     It affects your intelligence (+2).
   rF+:       It protects you from fire.
   rCorr:     It protects you from acid and corrosion.
 A - the ring of the Hare (right fist) {EV+10}
   (You took it off a minotaur in a Gauntlet)

   [ring of evasion]

   EV+10:     It affects your evasion (+10).
 E - the amulet "Susmyxta" (around neck) {Reflect +Inv rElec SH+5}
   (You acquired it on level 8 of the Dungeon)

   [amulet of reflection]

   Reflect:   It reflects blocked missile attacks.
   rElec:     It insulates you from electricity.
   +Inv:      It lets you turn invisible.
   SH+5:      It affects your SH (+5).
 F - the ring "Eluypror" {Ice Str-3 Int+9 Slay+2 Stlth+}
   (You found it in an ice cave)

   [ring of ice]

   Ice:       It enhances your ice magic.
   Str-3:     It affects your strength (-3).
   Int+9:     It affects your intelligence (+9).
   Slay+2:    It affects your accuracy & damage with ranged weapons and melee
   (+2).
   rF-:       It makes you vulnerable to fire.
   rC+:       It protects you from cold.
   Stlth+:    It makes you more stealthy.
 I - the ring of the Blind Eye {rPois rC- Str+7}
   (You found it on level 3 of the Depths)

   [ring of poison resistance]

   Str+7:     It affects your strength (+7).
   rC-:       It makes you vulnerable to cold.
   rPois:     It protects you from poison
 N - the amulet of Uggyph {Reflect Int+2 Dex+3 SH+5}
   (You found it in a treasure trove)

   [amulet of reflection]

   Reflect:   It reflects blocked missile attacks.
   Int+2:     It affects your intelligence (+2).
   Dex+3:     It affects your dexterity (+3).
   SH+5:      It affects your SH (+5).
 O - the ring of Muad {rCorr Slay+3}
   (You found it in a Gauntlet)

   [ring of resist corrosion]

   Slay+3:    It affects your accuracy & damage with ranged weapons and melee
   (+3).
   rCorr:     It protects you from acid and corrosion.
 T - a ring of positive energy
Talismans
 l - the serpent talisman of the Eight Boll Weevils {rC+ SInv}
   (You took it off Aizul on level 4 of the Snake Pit)

   [serpent talisman]

   rC+:       It protects you from cold.
   SInv:      It lets you see invisible.
 s - a storm talisman
 L - a dragon-blood talisman
 X - a granite talisman (active)
Wands
 x - a wand of acid (19)
 C - a wand of mindburst (42)
 H - a wand of iceblast (63)
 S - a wand of digging (20)
Scrolls
 g - 19 scrolls of teleportation
 h - 8 scrolls of poison
 p - 8 scrolls of fog
 r - 5 scrolls of butterflies
 u - 3 scrolls of torment
 B - 8 scrolls of enchant armour
 D - 7 scrolls of blinking
 K - 2 scrolls of fear
 M - 6 scrolls of vulnerability
 W - a scroll of silence
 Z - a scroll of amnesia
Potions
 b - 8 potions of ambrosia
 c - 4 potions of berserk rage
 d - 4 potions of heal wounds
 f - 3 potions of cancellation
 i - 8 potions of might
 j - 6 potions of haste
 m - 6 potions of enlightenment
 n - 9 potions of brilliance
 q - 9 potions of attraction
 v - 2 potions of mutation
 z - 4 potions of resistance
 G - 8 potions of magic
 P - 8 potions of lignification
 V - 6 potions of invisibility
 Y - 4 potions of curing
Miscellaneous
 e - a phantom mirror
 Q - a phial of floods
 R - a condenser vane


   Skills:
 + Level 21.8 Fighting
 - Level 10.0 Armour
 - Level 15.2 Dodging
 - Level 11.6 Shields
 O Level 27 Unarmed Combat
 - Level 14.0 Invocations
 O Level 27 Shapeshifting


You had 26 spell levels left.
You didn't know any spells.
Your spell library contained the following spells:

 Spells                   Type           Power      Damage    Failure   Level
 Apportation              Tloc           0%         N/A       52%         1
 Necrotise                Necr           0%         1d4       52%         1
 Sandblast                Erth           0%         2d4       52%         1
 Slow                     Hex            0%         N/A       52%         1
 Sting                    Conj/Alch      0%         1d3       52%         1
 Summon Small Mammal      Summ           0%         N/A       52%         1
 Blink                    Tloc           0%         N/A       67%         2
 Call Imp                 Summ           0%         N/A       67%         2
 Cigotuvi's Dreadful Rot  Necr/Alch/Air  0%         N/A       67%         2
 Ensorcelled Hibernation  Hex/Ice        0%         N/A       67%         2
 Jinxbite                 Hex            0%         N/A       67%         2
 Lesser Beckoning         Tloc           0%         N/A       67%         2
 Mercury Vapours          Alch/Air       0%         N/A       67%         2
 Momentum Strike          Conj/Tloc      0%         3d8       67%         2
 Scorch                   Fire           0%         2d5       67%         2
 Static Discharge         Conj/Air       0%         3-3/arc   67%         2
 Call Canine Familiar     Summ           0%         N/A       87%         3
 Confusing Touch          Hex            0%         N/A       87%         3
 Dazzling Flash           Conj/Hex       0%         N/A       87%         3
 Frozen Ramparts          Ice            0%         1d1       87%         3
 Fugue of the Fallen      Necr           0%         N/A       87%         3
 Gell's Gravitas          Tloc           0%         N/A       87%         3
 Ozocubu's Armour         Ice            0%         N/A       87%         3
 Passwall                 Erth           0%         N/A       87%         3
 Sigil of Binding         Hex            0%         N/A       87%         3
 Stone Arrow              Conj/Erth      0%         3d7       87%         3
 Swiftness                Air            0%         N/A       87%         3
 Teleport Other           Tloc           0%         N/A       87%         3
 Vampiric Draining        Necr           0%         2d6       87%         3
 Airstrike                Air            0%         2d(0-16)  99%         4
 Animate Armour           Summ/Erth      0%         N/A       99%         4
 Animate Dead             Necr           0%         N/A       99%         4
 Brom's Barrelling Bould  Conj/Erth      0%         2d3       99%         4
 Dimensional Bullseye     Hex/Tloc       0%         N/A       99%         4
 Flame Wave               Conj/Fire      0%         2d4       99%         4
 Fulminant Prism          Conj/Alch      0%         3d5       99%         4
 Ignite Poison            Fire/Alch      0%         N/A       99%         4
 Leda's Liquefaction      Alch/Erth      0%         N/A       99%         4
 Manifold Assault         Tloc           0%         N/A       99%         4
 Martyr's Knell           Necr/Summ      0%         N/A       99%         4
 Olgreb's Toxic Radiance  Alch           0%         N/A       99%         4
 Petrify                  Alch/Erth      0%         N/A       99%         4
 Sticky Flame             Fire/Alch      0%         2d4       99%         4
 Summon Lightning Spire   Summ/Air       0%         N/A       99%         4
 Vhi's Electric Charge    Tloc/Air       0%         N/A       99%         4
 Alistair's Intoxication  Alch           0%         N/A       100%        5
 Arcjolt                  Conj/Air       0%         1d10      100%        5
 Borgnjor's Vile Clutch   Necr/Erth      0%         N/A       100%        5
 Curse of Agony           Necr           0%         N/A       100%        5
 Fireball                 Conj/Fire      0%         3d3       100%        5
 Iskenderun's Battlesphe  Conj           0%         2d6       100%        5
 Lee's Rapid Deconstruct  Erth           0%         3d4*      100%        5
 Metabolic Englaciation   Hex/Ice        0%         N/A       100%        5
 Summon Forest            Summ/Tloc      0%         N/A       100%        5
 Yara's Violent Unravell  Hex/Alch       0%         3d3       100%        5
 Conjure Ball Lightning   Conj/Air       0%         3x3d6     100%        6
 Death Channel            Necr           0%         N/A       100%        6
 Dispersal                Tloc           0%         N/A       100%        6
 Eringya's Noxious Bog    Alch           0%         4d6       100%        6
 Plasma Beam              Fire/Air       0%         2x1d10    100%        6
 Sculpt Simulacrum        Ice/Alch       0%         N/A       100%        6
 Summon Cactus Giant      Summ           0%         N/A       100%        6
 Haunt                    Necr/Summ      0%         N/A       100%        7
 Orb of Destruction       Conj           0%         9d5       100%        7
 Summon Hydra             Summ           0%         N/A       100%        7
 Discord                  Hex            0%         N/A       100%        8
 Disjunction              Tloc           0%         N/A       100%        8
 Ignition                 Fire           0%         3d3       100%        8
 Infestation              Necr           0%         N/A       100%        8
 Sublimation of Blood     Necr           Unusable   N/A       N/A         2

Dungeon Overview and Level Annotations

Branches:
Dungeon (15/15)            Temple (1/1) D:4            Lair (5/5) D:8
  Swamp (0/4) Lair:2        Snake (4/4) Lair:3        Slime (0/5) Lair:4
    Orc (2/2) D:9             Elf (3/3) Orc:2        Vaults (5/5) D:14
  Crypt (0/3) Vaults:3     Depths (4/4) D:15            Zot (5/5) Depths:4
Ossuary (visited)          Bailey (visited)           IceCv (visited)
 WizLab (visited)         Gauntlet (visited)

Altars:
Ashenzari
Cheibriados
Dithmenos
Elyvilon
Fedhas
Gozag
Hepliaklqana
Kikubaaqudgha
Makhleb
Nemelex Xobeh
Okawaru
Qazlal
Ru
Sif Muna
Trog
Uskayaw
Vehumet
Wu Jian
Xom
Yredelemnul
Zin
The Shining One
Jiyva

Shops:
D:3 ?   D:4 :   D:15 ?*   Orc:1 [   Orc:2 [=([*:   Elf:1 =   Elf:2 =
Elf:3 (:*   Snake:2 =::   Snake:3 **   Snake:4 ?   Vaults:1 !   Vaults:3 *(
Vaults:5 ?!??   Depths:3 ((:!   Depths:4 [

Portals:
Hell: Lair:5 Depths:1 Depths:2 Depths:3 Depths:4
Abyss: Depths:3 Depths:4
Pandemonium: Depths:2
Ziggurat: Depths:2

Annotations:
Zot:2 6 runed translucent doors


Innate Abilities, Weirdness & Mutations

You are a living statue of rough stone.
Your actions are slow, but your melee attacks are powerful.
You are resistant to unholy torment.
Your maximum health is greatly increased.
Your equipment is partially melded.
You are too large for most types of armour.
You are immune to poison.
You have a pair of small horns on your head.
((You have tough skin. (AC +1)))
You gain doubled healing and magic from potions.
Whenever you drink a healing potion, you attack all around you.
((You are partially covered in iridescent scales. (AC +2)))
Your body sometimes deteriorates upon taking damage.
You are somewhat resistant to further mutation.
Your spells are a little harder to cast, but a little more powerful.
You passively dampen the noise of your surroundings.


Message History

The ball lightning completely resists.
You fly upwards.
There is a stone staircase leading down here.
HP restored.
A chaos spawn comes into view.
Okay, then.
The chaos spawn moves out of view.
There is a stone staircase leading up here.
You fly upwards.
There is a stone staircase leading down here.
Things that are here:
8 poisoned darts; a +0 dagger
There is a stone staircase leading up here.
You fly upwards.
There is a stone staircase leading down here.
There is a shimmering blue altar of Sif Muna here.
There is a stone staircase leading up here.
You fly upwards.
There is a stone staircase leading down here.
There is a stone staircase leading up here.
You fly upwards.
There is a stone staircase leading down here.
An Orb Guardian comes into view.
An ice devil comes into view.
You block the ice devil's attack.
You squash the ice devil like an ant!!!!
You kill the ice devil!
Qazlal accepts your kill. The Orb Guardian hits you!
You block the Orb Guardian's attack. You block the Orb Guardian's attack.
You pummel the Orb Guardian!!
The Orb Guardian is moderately wounded.
You block the Orb Guardian's attack.
You pummel the Orb Guardian like a punching bag!!!!
You kill the Orb Guardian!
Qazlal accepts your kill.
There is an open door here.
There is an open door here.
There is a staircase leading out of the dungeon here.
You have escaped!

######
.###############....#
.....##...##........####
###.....###...#####....####
..####.....####.○.####....#
.....###'###..°......###..#
⌠......'.'....§.8○○....#.##
.....###'###......°..###.##
..####.....####...####....#
###....#......#####.......#
....##..#................##
...##..#.....##...###..##.#
..###.###..######## #######
.########.## ........#.#


There were no monsters in sight!

Vanquished Creatures
  7 dread liches
  2 orbs of fire (Zot:5)
  An ancient lich (Depths:3)
  The ghost of Luser the Slayer, a veteran OnBe of Trog (Zot:4)
  A pandemonium lord (Zot:5)
  7 Killer Klowns
  Vv (Zot:2)
  A Head Instructor (WizLab)
  Vashnia (Snake:2)
  Saint Roka (Vaults:1)
  5 curse toes
  Norris (Vaults:4)
  9 golden dragons
  Nikola (Elf:2)
  A profane servitor (Abyss:2)
  3 bone dragons
  The ghost of Zissick the Minotaur Blade, an adept MiBr of Okawaru (Vaults:2)
  A hellephant (Abyss:1)
  A Tzitzimitl (Zot:5)
  A Hell Sentinel (Zot:1)
  Zenata (Elf:2)
  2 electric golems (Zot:5)
  4 liches
  Asterion (Vaults:3)
  30 Orb Guardians
  13 tentacled monstrosities
  3 titans
  3 quicksilver dragons
  4 sphinxes
  4 deep elf blademasters
  An Executioner (Depths:4)
  2 deep elf master archers (Elf:3)
  11 death cobs
  The ghost of Qanoask the Warrior, a journeyman OnGl of Jiyva (Snake:2)
  12 tentacled starspawn
  Gastronok (Lair:1)
  Aizul (Snake:4)
  9 storm dragons
  12 shadow dragons
  9 protean progenitors
  10 tengu reavers
  5 nagarajas (Snake:4)
  4 fire giants
  An azure jelly (IceCv)
  7 draconian knights
  11 vault wardens
  9 draconian monks
  3 deep elf sorcerers
  5 draconian scorchers
  An iron dragon (Depths:3)
  4 draconian shifters
  8 frost giants
  4 balrugs
  4 spectral caustic shrikes (Depths:4)
  7 deep elf elementalists
  12 ghost moths
  Louise (Elf:2)
  A draconian annihilator (Zot:1)
  4 orc warlords
  2 formless jellyfish
  A demonspawn blood saint (Zot:1)
  A caustic shrike skeleton (Depths:2)
  22 very ugly things
  2 broodmothers (Zot:5)
  A draconian stormcaller (Zot:3)
  The ghost of Rotan the Covert, a journeyman NaHs of Dithmenos (Lair:4)
  4 ironbound thunderhulks
  18 stone giants
  A cacodemon (Abyss:1)
  15 ironbound preservers
  2 quicksilver oozes (IceCv)
  5 vampire knights
  7 deep elf demonologists
  7 green draconians
  7 black draconians
  13 red draconians
  8 yellow draconians
  7 deep elf death magi
  9 white draconians
  A lorocyproca (Abyss:1)
  7 deep elf annihilators
  2 spark wasps (Depths:2)
  A minotaur (Gauntlet)
  11 purple draconians
  2 war gargoyles (Depths:3)
  11 dire elephants
  5 blizzard demons
  9 ettins
  4 crystal guardians
  A merfolk impaler (Abyss:3)
  2 green deaths
  5 jiangshi
  A quicksilver dragon zombie (Depths:2)
  An entropy weaver (Vaults:4)
  The ghost of croobank the Covert, a journeyman HuDe of Hepliaklqana (Lair:2)
  Josephine (Lair:5)
  7 fire dragons
  6 deep elf high priests
  8 yaktaur captains
  A hell beast (Lair:5)
  An entropy weaver (shapeshifter) (D:14)
  6 great orbs of eyes
  8 ice dragons
  2 peacekeepers
  6 hydras
  A salamander tyrant (Snake:4)
  A spriggan zombie (Depths:2)
  7 spriggan air magi
  3 ogre magi
  33 vault guards
  8 anacondas
  A catoblepas (Lair:5)
  4 satyrs
  4 boulder beetles
  7 ironbound frosthearts
  10 two-headed ogres
  5 vampire magi
  5 deep troll earth magi
  7 deep troll shamans
  11 centaur warriors
  32 dancing weapons
  5 tengu warriors
  15 naga warriors
  21 naga sharpshooters
  11 spriggan berserkers
  3 occultists
  4 spriggans
  6 thrashing horrors
  7 hell knights
  3 orc high priests
  11 sun demons
  2 shock serpents
  18 deep elf knights
  3 iron trolls
  7 sixfirhies
  A shadow wraith (Abyss:1)
  A titan skeleton (Depths:2)
  3 salamander mystics
  3 skeletal warriors (D:14)
  13 wretched stars
  A glowing orange brain (shapeshifter) (Vaults:4)
  60 deep trolls
  12 mana vipers
  5 skysharks
  11 arcanists
  2 shadow demons
  A tengu zombie (Depths:2)
  5 glowing orange brains
  16 deep elf archers
  An obsidian statue (Snake:3)
  7 naga ritualists
  7 phantasmal warriors
  An orange crystal statue (Zot:2)
  9 lindwurms
  33 ugly things
  18 orc knights
  28 large abominations
  30 deep elf pyromancers
  4 lightning spires (Abyss:3)
  7 necromancers
  An iron dragon zombie (Abyss:3)
  20 ironbound convokers
  26 deep elf zephyrmancers
  22 starcursed masses
  A fire giant zombie (Depths:1)
  5 oklob plants
  7 orc sorcerers
  8 salamanders
  A wolf spider (shapeshifter) (Depths:4)
  6 cyclopes
  8 worldbinders
  37 moths of wrath
  A dire elephant zombie (Abyss:1)
  4 draconians (Abyss:3)
  A manticore (D:15)
  7 vault sentinels
  3 meliai (D:14)
  13 naga magi
  41 slime creatures
  A black mamba (shapeshifter) (Elf:1)
  11 elephants
  4 kobold blastminers (Orc:2)
  2 ice statues (IceCv)
  5 apocalypse crabs
  38 black mambas
  2 fire giant skeletons (Depths:1)
  4 gargoyles
  16 smoke demons
  2 torpor snails
  A stone giant skeleton (Depths:1)
  A torpor snail (shapeshifter) (Vaults:5)
  5 cane toads
  6 orange demons
  3 unseen horrors
  A hellion (Abyss:1)
  Maggie (D:6)
  10 rime drakes
  22 yaktaurs
  11 komodo dragons
  3 efreet
  5 ice devils
  2 freezing wraiths
  4 tormentors
  5 guardian mummies (Zot:2)
  2 kobold demonologists (Bailey)
  3 tengu conjurers
  8 ancient zymes
  A red devil (Lair:5)
  A troll (shapeshifter) (Abyss:3)
  A hornet (shapeshifter) (Abyss:1)
  A queen bee (Lair:3)
  6 trolls
  8 hellwings
  3 polar bears
  5 hornets
  2 tyrant leeches (Zot:2)
  A tarantella (shapeshifter) (D:13)
  A dream sheep (Lair:2)
  23 blink frogs
  A dream sheep (shapeshifter) (Vaults:5)
  43 raiju
  2 slime creatures (shapeshifter)
  2 glass eyes
  A fire giant simulacrum (Depths:1)
  2 vampires
  8 air elementals
  A culicivora (Vaults:4)
  7 wraiths
  8 wyverns
  48 yaks
  5 ynoxinuls
  6 shadows
  A centaur simulacrum (Abyss:2)
  The ghost of nroviw the Insei, an amateur DsFi (D:6)
  3 fire bats (Abyss:1)
  14 basilisks
  3 fire elementals (Elf:2)
  15 neqoxecs
  2 steam dragons (Lair:3)
  A golden eye (Abyss:3)
  3 wargs
  8 vampire mosquitoes
  6 chaos spawn
  7 redbacks
  An acid dragon (D:12)
  38 nagas
  13 small abominations
  19 water moccasins
  8 hell hounds
  54 orc warriors
  3 ice beasts
  5 great orb of eyes simulacra (IceCv)
  26 laughing skulls
  A swamp drake (Lair:2)
  10 boggarts
  2 black bears
  13 ogres
  10 wolves
  9 centaurs
  5 slime creature simulacra (IceCv)
  A phantom (D:5)
  4 weeping skulls
  5 kobold brigands
  10 bullfrogs
  A brain worm (Abyss:1)
  3 scorpions
  3 earth elementals
  2 glowing shapeshifter simulacra (IceCv)
  5 gnoll sergeants
  2 elf skeletons (D:7)
  2 water moccasin zombies (Ossuary)
  43 killer bees
  5 howler monkeys
  8 electric eels
  4 crimson imps
  2 human zombies (D:7)
  2 quasits (Abyss:1)
  23 orc priests
  Crazy Yiuf (D:7)
  2 jellies
  A gnoll bouda (D:10)
  5 iguanas
  A sleepcap (D:5)
  Ijyb (D:3)
  2 iron imps
  A human skeleton (D:7)
  Natasha (thrice) (D:3)
  20 orc wizards
  6 hell rats
  4 shapeshifter simulacra (IceCv)
  2 crocodile zombies (Ossuary)
  2 mummies (Ossuary)
  12 gnolls
  4 adders
  7 river rats
  A shadow imp (D:7)
  9 white imps
  8 ufetubi
  3 adder zombies (Ossuary)
  A ribbon worm (D:5)
  96 orcs
  4 endoplasms
  2 giant cockroaches
  12 gnoll zombies (Ossuary)
  19 goblins
  18 hobgoblins
  6 jackals
  17 kobolds
  5 quokkas
  12 ball pythons
  8 bats
  7 frilled lizards
  5 jackal zombies (Ossuary)
  An orc skeleton (D:7)
  4 orc zombies (Ossuary)
  10 rats
  6 butterflies (Zot:2)
  5 starspawn tentacles
2365 creatures vanquished.

Vanquished Creatures (others)
  A deep elf high priest (Vaults:5)
  2 deep elf knights
  2 arcanists
  A deep elf pyromancer (D:12)
  A small abomination (Abyss:1)
  An ogre (Vaults:5)
  An orc (Orc:2)
  A ball lightning (D:6)
  A lurking horror (Abyss:1)
  17 starspawn tentacles
28 creatures vanquished.

Grand Total: 2393 creatures vanquished

Notes
Turn   | Place    | Note
-------+----------+-------------------------------------------
     0 | D:1      | cforsyth the Oni Shapeshifter began the quest for the Orb.
     0 | D:1      | Reached XP level 1. HP: 19/19 MP: 1/1
   118 | D:1      | Reached XP level 2. HP: 27/28 MP: 2/2
   133 | D:1      | Found a faded altar of an unknown god.
   541 | D:1      | Reached XP level 3. HP: 36/36 MP: 3/3
  1695 | D:3      | Noticed Ijyb
  1744 | D:3      | Reached XP level 4. HP: 35/45 MP: 4/4
  1982 | D:3      | Killed Ijyb
  1983 | D:3      | Reached XP level 5. HP: 17/54 MP: 0/5
  2262 | D:3      | Identified the +0 ring mail of Biniw {Slay+2}
  2279 | D:3      | Found a shimmering blue altar of Sif Muna.
  2450 | D:3      | Found Guerrucwe's Magic Scroll Boutique.
  2454 | D:3      | Found a bloodstained altar of Trog.
  2456 | D:3      | Found a glowing silver altar of Zin.
  2456 | D:3      | Found an ornate altar of the Wu Jian Council.
  2457 | D:3      | Found a radiant altar of Vehumet.
  2458 | D:3      | Bought a scroll of identify for 24 gold pieces
  2458 | D:3      | Bought a scroll of teleportation for 36 gold pieces
  2462 | D:3      | Bought a scroll of revelation for 90 gold pieces
  2555 | D:3      | Noticed Natasha
  2564 | D:3      | Killed Natasha
  2687 | D:3      | Noticed Natasha
  2694 | D:3      | Killed Natasha
  2977 | D:3      | Noticed Natasha
  2986 | D:3      | Killed Natasha
  2987 | D:3      | Reached XP level 6. HP: 25/63 MP: 6/6
  3331 | D:4      | Found Kiher's Self-Improvement Boutique.
  3617 | D:4      | Found a staircase to the Ecumenical Temple.
  3650 | Temple   | Entered the Ecumenical Temple
  3699 | Temple   | Became a worshipper of Qazlal Stormbringer
  3778 | D:4      | Reached skill level 5 in Fighting
  4213 | D:5      | Entered Level 5 of the Dungeon
  4320 | D:5      | Reached XP level 7. HP: 55/72 MP: 7/7
  4556 | D:5      | Found a shimmering altar of Xom.
  4598 | D:5      | Reached skill level 5 in Shapeshifting
  4967 | D:5      | Reached skill level 5 in Unarmed Combat
  5462 | D:6      | Noticed Maggie
  5476 | D:6      | Killed Maggie
  5477 | D:6      | Reached XP level 8. HP: 20/87 MP: 8/8
  6576 | D:6      | Found a sparkling altar of Nemelex Xobeh.
  6578 | D:6      | Found a hide-covered altar of Uskayaw.
  6578 | D:6      | Found a hazy altar of Hepliaklqana.
  6578 | D:6      | Found a glowing golden altar of the Shining One.
  6579 | D:6      | Found a broken altar of Ashenzari.
  6819 | D:6      | Found a runed translucent gate.
  6821 | D:6      | Found a runed translucent gate.
  6821 | D:6      | Found a runed translucent gate.
  6824 | D:6      | Noticed nroviw's ghost (amateur DsFi)
  7141 | D:7      | Found a sand-covered staircase.
  7146 | Ossuary  | Entered an ossuary
  7207 | Ossuary  | Reached * piety under Qazlal
  7243 | Ossuary  | Reached XP level 9. HP: 97/97 MP: 9/9
  8289 | D:7      | Reached ** piety under Qazlal
  8830 | D:7      | Found a runed translucent door.
  8831 | D:7      | Noticed Crazy Yiuf
  8956 | D:8      | Noticed a hornet
  8956 | D:8      | Noticed an elephant
  8971 | D:8      | Killed a hornet
  8972 | D:8      | Reached skill level 10 in Fighting
  8981 | D:8      | Killed an elephant
  8982 | D:8      | Reached XP level 10. HP: 76/111 MP: 10/10
  9035 | D:8      | Found a flagged portal.
  9052 | Bailey   | Entered a bailey
  9430 | Bailey   | Noticed a kobold demonologist
  9961 | Bailey   | Reached *** piety under Qazlal
 10241 | Bailey   | Identified the +10 trident of Irksome Watchfulness
                  | {antimagic, rCorr Str+4}
 10241 | Bailey   | Identified the +1 scale mail "Lupioh" {+Inv rElec rF++
                  | Str+3}
 10277 | Bailey   | Killed a kobold demonologist
 10397 | Bailey   | Found an iron altar of Okawaru.
 10398 | Bailey   | Noticed a kobold demonologist
 10435 | Bailey   | Killed a kobold demonologist
 10722 | D:8      | Identified the +5 arbalest "Lirgh" {heavy, rF+}
 10985 | D:8      | Found a staircase to the Lair.
 11399 | D:8      | Acquired 557 gold pieces
 11401 | D:8      | Acquired the amulet "Susmyxta" {Reflect +Inv rElec SH+5}
 11602 | D:9      | Reached XP level 11. HP: 86/124 MP: 11/11
 11907 | D:9      | Reached **** piety under Qazlal
 11908 | D:9      | Found a staircase to the Orcish Mines.
 12281 | D:9      | Found a burning altar of Makhleb.
 12561 | D:9      | Acquired the +1 hat of the Bequeathed God {rElec Will+
                  | Str+5}
 12563 | D:9      | Acquired the ring of Wicwaosch {Fly rF+ Will+ rCorr SInv}
 12584 | D:10     | Entered Level 10 of the Dungeon
 12589 | D:10     | Noticed a two-headed ogre
 12599 | D:10     | Killed a two-headed ogre
 13460 | D:11     | Reached ***** piety under Qazlal
 13484 | D:11     | Found a gate leading to a gauntlet.
 13493 | Gauntlet | Entered a Gauntlet
 13493 | Gauntlet | Found a transporter.
 13493 | Gauntlet | Found a transporter.
 13494 | Gauntlet | Found a transporter.
 13497 | Gauntlet | Found a transporter.
 13499 | Gauntlet | Found a transporter.
 13507 | Gauntlet | Found a transporter.
 13508 | Gauntlet | Noticed a moth of wrath
 13522 | Gauntlet | Found a transporter.
 13527 | Gauntlet | Noticed a shining eye
 13530 | Gauntlet | Found a transporter.
 13549 | Gauntlet | Found a transporter.
 13557 | Gauntlet | Found a transporter.
 13575 | Gauntlet | Found a transporter.
 13627 | Gauntlet | Found a transporter.
 13797 | Gauntlet | Reached skill level 10 in Shapeshifting
 13816 | Gauntlet | Identified the ring of Muad {rCorr Slay+3}
 13936 | Gauntlet | Killed a moth of wrath
 13937 | Gauntlet | Reached skill level 10 in Unarmed Combat
 14169 | Gauntlet | Noticed a minotaur
 14179 | Gauntlet | Killed a minotaur
 14556 | D:11     | You are sucked into a shaft and drop 1 floor!
 14590 | D:11     | Noticed a cyan ugly thing
 14611 | D:11     | Killed a cyan ugly thing
 14612 | D:11     | Reached XP level 12. HP: 139/139 MP: 12/12
 15323 | D:4      | Bought a manual of Dodging for 960 gold pieces
 16526 | D:13     | Reached skill level 15 in Fighting
 16538 | D:13     | Noticed a centaur warrior
 16545 | D:13     | Killed a centaur warrior
 17036 | Lair:1   | Entered Level 1 of the Lair of Beasts
 17124 | Lair:1   | Noticed Gastronok
 17136 | Lair:1   | Killed Gastronok
 17269 | Lair:1   | Noticed a boulder beetle
 17278 | Lair:1   | Killed a boulder beetle
 17281 | Lair:1   | Reached XP level 13. HP: 120/152 MP: 13/13
 18005 | Lair:2   | Found a transporter.
 18020 | Lair:2   | Noticed croobank's ghost (journeyman HuDe)
 18030 | Lair:2   | Found a transporter.
 18436 | Lair:2   | Found a staircase to the Swamp.
 18444 | Lair:2   | Reached ****** piety under Qazlal
 19197 | Lair:3   | Found a staircase to the Snake Pit.
 19564 | Lair:3   | Identified the +6 flail of Taolefis {vamp, ^Contam ^Fragile
                  | Int+8}
 19950 | Lair:3   | Identified the +10 halberd "Repoihol" {heavy, rF++ Stlth+}
 20449 | Lair:3   | Reached XP level 14. HP: 167/167 MP: 14/14
 21009 | Lair:4   | Noticed Rotan's ghost (journeyman NaHs)
 21010 | Lair:4   | Found a runed translucent door.
 21235 | Lair:4   | Found a viscous altar of Jiyva.
 21237 | Lair:4   | Found a staircase to the Slime Pits.
 21612 | Lair:4   | Killed Rotan's ghost
 21653 | Lair:5   | Entered Level 5 of the Lair of Beasts
 21729 | Lair:5   | Noticed Josephine
 21738 | Lair:5   | Killed Josephine
 21749 | Lair:5   | Found a frozen archway.
 21858 | IceCv    | Entered an ice cave
 22235 | IceCv    | Noticed a quicksilver ooze
 22243 | IceCv    | Killed a quicksilver ooze
 22517 | IceCv    | Identified the +4 plate armour of Immorality {rElec Stlth+}
 22608 | IceCv    | Noticed a quicksilver ooze
 22612 | IceCv    | Killed a quicksilver ooze
 22620 | IceCv    | Noticed an azure jelly
 22621 | IceCv    | Reached XP level 15. HP: 180/180 MP: 3/15
 22629 | IceCv    | Killed an azure jelly
 22881 | IceCv    | Found a viscous altar of Jiyva.
 22901 | IceCv    | Identified the ring "Eluypror" {Ice Str-3 Int+9 Slay+2
                  | Stlth+}
 22903 | IceCv    | Identified the +0 ring mail "Qepein" {rElec Str+4 SInv}
 23326 | Lair:5   | Found a burning altar of Makhleb.
 23341 | Lair:5   | Reached XP level 16. HP: 183/189 MP: 16/16
 23446 | Lair:5   | Found a gateway to Hell.
 24158 | Orc:1    | Entered Level 1 of the Orcish Mines
 24444 | Orc:1    | Found Qodau's Antique Armour Emporium.
 24884 | Orc:2    | Entered Level 2 of the Orcish Mines
 25058 | Orc:2    | Found Kuifeh's Jewellery Emporium.
 25110 | Orc:2    | Reached skill level 10 in Dodging
 25396 | Orc:2    | Found Dahagh's General Store.
 25420 | Orc:2    | Found Sarr's Book Shop.
 25593 | Orc:2    | Found a staircase to the Elven Halls.
 25760 | Orc:2    | Found Fookador's Antique Armour Shoppe.
 25868 | Orc:2    | Found Feinetzy's Antique Weapon Shop.
 25870 | Orc:2    | Found Jovaeh's Antique Armour Boutique.
 26089 | D:13     | Identified the +0 leather armour "Heuloc" {rPois rCorr}
 27035 | D:14     | Reached skill level 15 in Shapeshifting
 27369 | D:14     | Found a gate to the Vaults.
 27552 | D:15     | Entered Level 15 of the Dungeon
 27582 | D:15     | Reached skill level 15 in Unarmed Combat
 27652 | D:15     | Found Pahupy Xiaw's Magic Scroll Shoppe.
 27661 | D:15     | Bought a scroll of fear for 56 gold pieces
 27661 | D:15     | Bought a scroll of identify for 28 gold pieces
 27661 | D:15     | Bought a scroll of identify for 28 gold pieces
 27936 | D:15     | Found Koann's Pet Rocks.
 28400 | D:15     | Found a staircase to the Depths.
 28848 | Snake:1  | Entered Level 1 of the Snake Pit
 29227 | Snake:1  | Reached XP level 17. HP: 179/198 MP: 17/17
 30041 | Snake:2  | Noticed Vashnia
 30077 | Snake:2  | Killed Vashnia
 31485 | Snake:2  | Found Roustriw's Jewellery Shop.
 31485 | Snake:2  | Found Diffigoe's Book Emporium.
 31486 | Snake:2  | Found Seucuf's Book Emporium.
 32757 | Snake:3  | Found a runed translucent gate.
 32757 | Snake:3  | Found a runed translucent gate.
 32757 | Snake:3  | Found a runed translucent gate.
 32757 | Snake:3  | Found an opulent altar of Gozag.
 32757 | Snake:3  | Found Juizodis's Assorted Antiques.
 32757 | Snake:3  | Noticed Qanoask's ghost (journeyman OnGl)
 32758 | Snake:3  | Found Hukum's Assorted Antiques.
 33492 | Snake:4  | Entered Level 4 of the Snake Pit
 34155 | Snake:4  | Identified the serpent talisman of the Eight Boll Weevils
                  | {rC+ SInv}
 34155 | Snake:4  | Noticed Aizul
 34166 | Snake:4  | Killed Aizul
 34530 | Snake:4  | Found Cuss's Magic Scroll Shoppe.
 34538 | Snake:4  | Bought 3 scrolls of blinking for 405 gold pieces
 34538 | Snake:4  | Bought a scroll of teleportation for 54 gold pieces
 35172 | Snake:4  | Reached XP level 18. HP: 200/208 MP: 18/18
 35883 | Snake:4  | Got a serpentine rune of Zot
 36243 | Vaults:1 | Entered Level 1 of the Vaults
 37887 | Vaults:1 | Noticed Saint Roka
 38057 | Vaults:1 | Killed Saint Roka
 38358 | Vaults:1 | Found Yniwn's Distillery.
 38364 | Vaults:1 | Bought a potion of curing for 54 gold pieces
 38364 | Vaults:1 | Bought a potion of heal wounds for 90 gold pieces
 38364 | Vaults:1 | Bought a potion of lignification for 54 gold pieces
 38621 | Vaults:1 | Reached skill level 15 in Dodging
 39445 | Vaults:2 | Reached XP level 19. HP: 217/217 MP: 19/19
 39764 | Orc:2    | Bought a storm talisman for 1040 gold pieces
 40479 | Vaults:2 | Found a portal to a secret trove of treasure.
 42340 | Vaults:2 | Found a large runed translucent door.
 42340 | Vaults:2 | Found a large runed translucent door.
 42340 | Vaults:2 | Noticed Zissick's ghost (adept MiBr)
 42556 | Vaults:2 | Killed Zissick's ghost
 43062 | D:6      | Killed nroviw's ghost
 43201 | D:7      | Killed Crazy Yiuf
 43347 | Lair:2   | Killed croobank's ghost
 43604 | Snake:2  | Killed Qanoask's ghost
 44065 | Snake:3  | Bought a potion of haste for 250 gold pieces
 44065 | Snake:3  | Bought a potion of curing for 75 gold pieces
 44425 | Vaults:3 | Paralysed by a formless jellyfish for 1 turns
 44609 | Vaults:3 | Found Jeutu's Assorted Antiques.
 44617 | Vaults:3 | Bought a potion of heal wounds for 120 gold pieces
 44677 | Vaults:3 | Noticed Asterion
 44694 | Vaults:3 | Killed Asterion
 45351 | Vaults:3 | Found Buurub's Weapon Shop.
 45540 | Vaults:3 | Reached XP level 20. HP: 221/221 MP: 20/20
 45718 | Vaults:3 | Found a staircase to the Crypt.
 45718 | Vaults:3 | Found a basalt altar of Yredelemnul.
 45718 | Vaults:3 | Found an ancient bone altar of Kikubaaqudgha.
 46695 | Vaults:4 | Noticed Norris
 46708 | Vaults:4 | Killed Norris
 47957 | Elf:1    | Entered Level 1 of the Elven Halls
 48145 | Elf:1    | Paralysed by an air elemental for 1 turns
 48333 | Elf:1    | Found a huge runed translucent gate.
 48333 | Elf:1    | Found a huge runed translucent gate.
 48335 | Elf:1    | Found a huge runed translucent gate.
 48335 | Elf:1    | Found a huge runed translucent gate.
 48335 | Elf:1    | Found a huge runed translucent gate.
 48335 | Elf:1    | Found a huge runed translucent gate.
 48335 | Elf:1    | Found a huge runed translucent gate.
 48336 | Elf:1    | Found a huge runed translucent gate.
 48336 | Elf:1    | Found a huge runed translucent gate.
 48336 | Elf:1    | Found a huge runed translucent gate.
 48336 | Elf:1    | Found a huge runed translucent gate.
 48337 | Elf:1    | Found a huge runed translucent gate.
 48337 | Elf:1    | Found a huge runed translucent gate.
 48337 | Elf:1    | Found a huge runed translucent gate.
 48337 | Elf:1    | Found a huge runed translucent gate.
 48337 | Elf:1    | Found a huge runed translucent gate.
 48337 | Elf:1    | Found a huge runed translucent gate.
 48337 | Elf:1    | Found a huge runed translucent gate.
 48337 | Elf:1    | Found a huge runed translucent gate.
 48337 | Elf:1    | Found a huge runed translucent gate.
 48558 | Elf:1    | Reached skill level 1 in Armour
 48842 | Elf:1    | Found Cuzuch's Jewellery Boutique.
 48842 | Elf:1    | Paralysed by an air elemental for 1 turns
 49369 | Elf:2    | Noticed Zenata
 49378 | Elf:2    | Killed Zenata
 49384 | Elf:2    | Killed the ghostly Zenata
 49841 | Elf:2    | Noticed Nikola
 49847 | Elf:2    | Killed Nikola
 49848 | Elf:2    | Reached XP level 21. HP: 234/234 MP: 21/21
 50120 | Elf:2    | Found Qiaskum's Jewellery Emporium.
 50181 | Elf:2    | Found a huge runed translucent gate.
 50181 | Elf:2    | Found a huge runed translucent gate.
 50191 | Elf:2    | Found a huge runed translucent gate.
 50192 | Elf:2    | Found a huge runed translucent gate.
 50193 | Elf:2    | Found a huge runed translucent gate.
 50289 | Elf:2    | Reached skill level 5 in Armour
 50415 | Elf:2    | Noticed Louise
 50422 | Elf:2    | Killed Louise
 50886 | Elf:3    | Entered Level 3 of the Elven Halls
 50913 | Elf:3    | Found Xifuur Wirev's General Store.
 50978 | Elf:3    | Bought a potion of heal wounds for 60 gold pieces
 51722 | Elf:3    | Identified the +6 leather armour "Nuonent" {Rampage rN++}
 51745 | Elf:3    | Found Huclen's Tremendous Tomes.
 51792 | Elf:3    | Found Cehel's Antique Weapon Boutique.
 52473 | Elf:3    | Identified the +10 ring mail of the Orb {rPois rC+ Int-2}
 52475 | Elf:3    | Identified the +1 robe of Hepliaklqana's Hope {rCorr Str+4
                  | Dex-2}
 52620 | Elf:3    | Identified the +1 chain mail of Zikosysch {rC+++ Will-
                  | Regen+ Int-5}
 52628 | Elf:3    | Identified the +8 halberd of Circular Logic {flame, rC+}
 52671 | Elf:3    | Identified the +1 great sword of the Snake Pit {freeze,
                  | rElec rF- rC+ rN+}
 52772 | Elf:3    | Got the Meditations on Fulmination
 52796 | Elf:3    | Got Amuocraa's Omnibus of Formulae and the Mantle
 53720 | Vaults:5 | Entered Level 5 of the Vaults
 54720 | Vaults:4 | Reached XP level 22. HP: 221/244 MP: 22/22
 55021 | D:4      | Bought a manual of Invocations for 960 gold pieces
 55315 | Vaults:4 | Reached skill level 1 in Invocations
 55779 | Vaults:5 | Noticed a dread lich
 55980 | Vaults:4 | Killed a dread lich
 55983 | Vaults:4 | Reached skill level 5 in Invocations
 57206 | Vaults:5 | Identified the +2 long sword of the Feeding Gods {speed,
                  | ^Drain Str+4 Int+3}
 57703 | Vaults:5 | Noticed a golden dragon
 57712 | Vaults:5 | Killed a golden dragon
 58329 | Vaults:5 | Identified the +10 great sword of the Eternal Warrior
                  | {vamp, rPois MP+9 SInv}
 58387 | Vaults:5 | Got a silver rune of Zot
 58440 | Vaults:5 | Reached skill level 10 in Invocations
 58458 | Vaults:5 | Found Liluis's Distillery.
 58461 | Vaults:5 | Found Vegavy's Magic Scroll Emporium.
 58462 | Vaults:5 | Bought a potion of curing for 60 gold pieces
 58462 | Vaults:5 | Bought a potion of curing for 60 gold pieces
 58462 | Vaults:5 | Bought a potion of curing for 60 gold pieces
 58462 | Vaults:5 | Bought a potion of curing for 60 gold pieces
 58462 | Vaults:5 | Bought 2 potions of curing for 120 gold pieces
 58500 | Vaults:5 | Found Beegerao's Magic Scroll Boutique.
 58505 | Vaults:5 | Bought a scroll of teleportation for 39 gold pieces
 58505 | Vaults:5 | Bought a scroll of teleportation for 39 gold pieces
 58519 | Vaults:5 | Found Isa Vumonu's Magic Scroll Shop.
 58524 | Vaults:5 | Bought a scroll of blinking for 180 gold pieces
 58778 | Vaults:5 | Identified the -1 pair of gloves "Xaapicoa" {rElec rC+
                  | rCorr Dex+3}
 58971 | Depths:1 | Entered Level 1 of the Depths
 59054 | Depths:1 | You are sucked into a shaft and drop 1 floor!
 59054 | Depths:2 | Found the +7 sceptre of Torment {pain, torment}
 59157 | Depths:1 | Found a magical portal.
 59163 | WizLab   | Entered Yara's Duelist Academy
 59778 | WizLab   | Noticed Wiaschuhi
 59790 | WizLab   | Killed Wiaschuhi the Head Instructor
 60020 | WizLab   | Reached XP level 23. HP: 150/252 MP: 13/32
 60874 | Depths:1 | Found a broken altar of Ashenzari.
 61021 | Depths:2 | Found a one-way gateway to a ziggurat.
 61862 | Depths:2 | Found an iron altar of Okawaru.
 62626 | Depths:2 | Found a one-way gate leading to the halls of Pandemonium.
 63558 | Elf:2    | Bought a granite talisman for 1140 gold pieces
 64612 | Depths:3 | Found Quttus's Antique Weapon Shop.
 64615 | Depths:3 | Found Taerem's Distillery.
 64615 | Depths:3 | Found Xoan Nicoski's Weapon Shop.
 64631 | Depths:3 | Reached skill level 1 in Shields
 64744 | Depths:3 | Found Josmema's Book Boutique.
 64751 | Depths:3 | Bought a potion of curing for 57 gold pieces
 64751 | Depths:3 | Bought a potion of heal wounds for 95 gold pieces
 64751 | Depths:3 | Bought 2 potions of heal wounds for 190 gold pieces
 64919 | Depths:3 | Acquired a manual of Unarmed Combat
 64944 | Depths:3 | Paralysed by an air elemental for 1 turns
 65076 | Depths:3 | Noticed an ancient lich
 65089 | Depths:3 | Killed an ancient lich
 65135 | Depths:3 | Identified the ring of the Blind Eye {rPois rC- Str+7}
 65137 | Depths:3 | Identified the +7 scimitar "Tuehag" {drain, Int+4}
 65138 | Depths:3 | Identified the ring of Rasonum {Ice ^Contam *Slow Str+3
                  | Dex+7}
 65455 | Depths:3 | Found a one-way gate to the infinite horrors of the Abyss.
 65487 | Depths:3 | Reached XP level 24. HP: 261/261 MP: 33/33
 65721 | Depths:4 | Entered Level 4 of the Depths
 65960 | Depths:4 | Reached skill level 5 in Shields
 66113 | Depths:4 | Found Nodosono's Armour Shop.
 66186 | Depths:4 | Found a gate to the Realm of Zot.
 66247 | Depths:4 | Acquired 857 gold pieces
 66323 | Depths:4 | Found a white marble altar of Elyvilon.
 66610 | Depths:3 | Voluntarily entered the Abyss.
 66619 | Abyss:1  | Found a corrupted altar of Lugonu.
 66760 | Abyss:1  | Gained mutation: You do not regenerate when monsters are
                  | visible. [a neqoxec]
 66873 | Depths:3 | Escaped the Abyss
 67028 | Depths:3 | Voluntarily entered the Abyss.
 67043 | Abyss:1  | Paralysed by accursed screaming for 2 turns
 67050 | Abyss:1  | Paralysed by accursed screaming for 1 turns
 67192 | Depths:3 | Escaped the Abyss
 67359 | Depths:3 | Voluntarily entered the Abyss.
 67430 | Abyss:1  | Lost mutation: You do not regenerate when monsters are
                  | visible. [potion of mutation]
 67430 | Abyss:1  | Gained mutation: You have hidden genetic potential. [potion
                  | of mutation]
 67430 | Abyss:1  | Gained mutation: You are robust. (+10% HP) [potion of
                  | mutation]
 67605 | Depths:3 | Escaped the Abyss
 67644 | Depths:3 | Voluntarily entered the Abyss.
 67765 | Abyss:1  | Gained mutation: You are occasionally teleported next to
                  | monsters. [a neqoxec]
 67814 | Depths:3 | Escaped the Abyss
 67957 | Depths:3 | Voluntarily entered the Abyss.
 68064 | Abyss:2  | Reached XP level 25. HP: 297/297 MP: 33/33
 68156 | Abyss:2  | Found a corrupted altar of Lugonu.
 68175 | Depths:3 | Escaped the Abyss
 68187 | Depths:3 | Voluntarily entered the Abyss.
 68302 | Abyss:3  | Gained mutation: You occasionally shout uncontrollably at
                  | your foes. [a neqoxec]
 68357 | Abyss:3  | Found a corrupted altar of Lugonu.
 68453 | Depths:3 | Escaped the Abyss
 68455 | Depths:3 | Voluntarily entered the Abyss.
 68460 | Abyss:3  | Found a corrupted altar of Lugonu.
 68596 | Depths:3 | Escaped the Abyss
 68718 | Depths:3 | Voluntarily entered the Abyss.
 68718 | Abyss:3  | Found a transporter.
 68805 | Abyss:3  | Got an abyssal rune of Zot
 68807 | Abyss:3  | Gained mutation: You are clumsy. (Dex -2) [a neqoxec]
 68810 | Depths:3 | Escaped the Abyss
 68814 | Depths:3 | Lost mutation: You are robust. (+10% HP) [potion of
                  | mutation]
 68814 | Depths:3 | Lost mutation: You are clumsy. (Dex -2) [potion of
                  | mutation]
 68814 | Depths:3 | Gained mutation: You have an increased reservoir of magic.
                  | (+10% MP) [potion of mutation]
 68814 | Depths:3 | Gained mutation: You occasionally lose the ability to read
                  | scrolls when taking damage. [potion of mutation]
 68814 | Depths:3 | Gained mutation: You have large cloven feet. [potion of
                  | mutation]
 68815 | Depths:3 | Lost mutation: You have large cloven feet. [potion of
                  | mutation]
 68815 | Depths:3 | Lost mutation: You are occasionally teleported next to
                  | monsters. [potion of mutation]
 68815 | Depths:3 | Gained mutation: Your muscles are strong. (Str +4, Int/Dex
                  | -1) [potion of mutation]
 68815 | Depths:3 | Gained mutation: You expend magic power (3 MP) to
                  | strengthen your wands. [potion of mutation]
 68815 | Depths:3 | Lost mutation: You have an increased reservoir of magic.
                  | (+10% MP) [potion of mutation]
 68815 | Depths:3 | Gained mutation: Your system is resistant to poisons.
                  | (rPois) [potion of mutation]
 68816 | Depths:3 | Lost mutation: You occasionally shout uncontrollably at
                  | your foes. [potion of mutation]
 68816 | Depths:3 | Lost mutation: Your muscles are strong. (Str +4, Int/Dex
                  | -1) [potion of mutation]
 68816 | Depths:3 | Gained mutation: You are agile. (Dex +4, Str/Int -1)
                  | [potion of mutation]
 68816 | Depths:3 | Gained mutation: You are partially covered in iridescent
                  | scales. (AC +2) [potion of mutation]
 68817 | Depths:3 | Lost mutation: You are agile. (Dex +4, Str/Int -1) [potion
                  | of mutation]
 68817 | Depths:3 | Lost mutation: Your system is resistant to poisons. (rPois)
                  | [potion of mutation]
 68817 | Depths:3 | Gained mutation: You are frail. (-10% HP) [potion of
                  | mutation]
 68817 | Depths:3 | Gained mutation: Your muscles are strong. (Str +4, Int/Dex
                  | -1) [potion of mutation]
 68817 | Depths:3 | Gained mutation: You are very frail. (-20% HP) [potion of
                  | mutation]
 68817 | Depths:3 | Gained mutation: Your spells are a little harder to cast,
                  | but a little more powerful. [potion of mutation]
 68818 | Depths:3 | Lost mutation: You have hidden genetic potential. [potion
                  | of mutation]
 68818 | Depths:3 | Lost mutation: You expend magic power (3 MP) to strengthen
                  | your wands. [potion of mutation]
 68818 | Depths:3 | Lost mutation: You occasionally lose the ability to read
                  | scrolls when taking damage. [potion of mutation]
 68818 | Depths:3 | Gained mutation: Your mind is acute. (Int +4, Str/Dex -1)
                  | [potion of mutation]
 68818 | Depths:3 | Gained mutation: You occasionally lose the ability to read
                  | scrolls when taking damage. [potion of mutation]
 68818 | Depths:3 | Gained mutation: You are somewhat resistant to further
                  | mutation. [potion of mutation]
 69062 | Vaults:1 | Bought a potion of mutation for 144 gold pieces
 69062 | Vaults:1 | Bought a potion of mutation for 144 gold pieces
 69062 | Vaults:1 | Lost mutation: You occasionally lose the ability to read
                  | scrolls when taking damage. [potion of mutation]
 69062 | Vaults:1 | Lost mutation: Your muscles are strong. (Str +4, Int/Dex
                  | -1) [potion of mutation]
 69062 | Vaults:1 | Lost mutation: Your mind is acute. (Int +4, Str/Dex -1)
                  | [potion of mutation]
 69062 | Vaults:1 | Gained mutation: You passively dampen the noise of your
                  | surroundings. [potion of mutation]
 69063 | Vaults:1 | Lost mutation: You are very frail. (-20% HP) [potion of
                  | mutation]
 69063 | Vaults:1 | Lost mutation: You are frail. (-10% HP) [potion of
                  | mutation]
 69063 | Vaults:1 | Gained mutation: Your body sometimes deteriorates upon
                  | taking damage. [potion of mutation]
 69189 | Vaults:2 | You showed the abyssal rune of Zot to enter a treasure
                  | trove
 69190 | Trove    | Entered a treasure trove
 69209 | Trove    | Identified the +4 swamp dragon scales of the Turtle {^Drain
                  | rPois rC+ Int+3}
 69228 | Trove    | Reached skill level 10 in Shields
 69228 | Trove    | Reached XP level 26. HP: 279/279 MP: 33/33
 69229 | Trove    | Reached XP level 27. HP: 288/288 MP: 33/33
 69235 | Trove    | Identified the amulet of Uggyph {Reflect Int+2 Dex+3 SH+5}
 69239 | Trove    | Identified the amulet "Qiutifim" {Spirit rF+ rCorr Int+2}
 69490 | Zot:1    | Entered Level 1 of the Realm of Zot
 69541 | Zot:1    | Found a hazy altar of Hepliaklqana.
 70511 | Zot:2    | Found a transporter.
 70511 | Zot:2    | Found the +1 cloak of Starlight {*Dazzle EV+4 Stlth--}
 70866 | Zot:2    | Found a large runed translucent door.
 70869 | Zot:2    | Identified the +8 hand cannon of Autumn {chaos, rC+}
 70869 | Zot:2    | Identified the +0 robe of Springtime {Harm Archmagi}
 70881 | Zot:2    | Found a transporter.
 70903 | Zot:2    | Found a large runed translucent door.
 70904 | Zot:2    | Found a large runed translucent door.
 70904 | Zot:2    | Found a shimmering altar of Xom.
 70904 | Zot:2    | Identified the +2 great sword of Might {chaos, rElec rN++
                  | Dex-2}
 70904 | Zot:2    | Identified the +6 scale mail of the Vacuum {rElec Dex-4
                  | Slay+5}
 70904 | Zot:2    | Identified the +4 great sword "Goblinbane" {chaos, rCorr
                  | Dex+4 SInv}
 70904 | Zot:2    | Identified the +5 scale mail of the Game of Life {Int+5}
 70905 | Zot:2    | Found a large runed translucent door.
 70905 | Zot:2    | Found a large runed translucent door.
 71074 | Zot:2    | Found a large runed translucent door.
 71075 | Zot:2    | Found a large runed translucent door.
 71083 | Zot:2    | Found a large runed translucent door.
 71186 | Zot:2    | Identified the +6 dire flail "Juchas" {chaos, ^Fragile
                  | rN+++ Dex+6}
 71227 | Zot:2    | Identified the +10 glaive of Uskayaw's Castigation {chaos,
                  | rF+}
 71227 | Zot:2    | Identified the +2 ring mail of Jigsaw {rF++ Str-5 Dex+5}
 71227 | Zot:2    | Identified the +3 glaive of the Doomed Warrior {chaos,
                  | rElec rCorr SInv}
 71227 | Zot:2    | Identified the +1 ring mail of Unreason {rN+ Regen+ rCorr}
 71349 | Zot:2    | Noticed Vv
 71362 | Zot:2    | Killed Vv
 72128 | Zot:3    | Identified the +5 orcbow of Kiafuh {speed, rPois Dex-2
                  | Stlth+}
 73132 | Zot:3    | Reached skill level 10 in Armour
 73480 | Zot:4    | Found a transporter.
 73487 | Zot:4    | Noticed Luser's ghost (veteran OnBe)
 73488 | Zot:4    | Identified the +0 cloak of a bazaar {Slay+2}
 73489 | Zot:4    | Found a bloodstained altar of Trog.
 73678 | Zot:4    | Identified the +1 cloak of Cynicism {rN+ Int+2}
 73689 | Zot:4    | Found a transporter.
 74442 | Zot:4    | Killed Luser's ghost
 74539 | Zot:4    | Identified the +9 long sword "Cautsics" {drain, Fly Str+3
                  | Int+2}
 74540 | Zot:4    | Identified the +1 pair of boots of Yngyebb {Harm rCorr}
 74566 | Zot:5    | Entered Level 5 of the Realm of Zot
 74569 | Zot:5    | Identified the +5 flail of Zotudisch {flame, +Blink}
 75004 | Zot:5    | Noticed a dread lich
 75006 | Zot:5    | Killed a dread lich
 75212 | Zot:5    | Reached skill level 27 in Unarmed Combat
 75250 | Zot:5    | Noticed a dread lich
 75254 | Zot:5    | Killed a dread lich
 75274 | Zot:5    | Noticed an orb of fire
 75283 | Zot:5    | Noticed a dread lich
 75286 | Zot:5    | Noticed a dread lich
 75292 | Zot:5    | Killed an orb of fire
 75294 | Zot:5    | Killed a dread lich
 75297 | Zot:5    | Killed a dread lich
 75549 | Zot:5    | Noticed an orb of fire
 75556 | Zot:5    | Killed an orb of fire
 75556 | Zot:5    | Noticed a dread lich
 75557 | Zot:5    | Reached skill level 27 in Shapeshifting
 75557 | Zot:5    | Noticed a dread lich
 75574 | Zot:5    | Killed a dread lich
 75575 | Zot:5    | Killed a dread lich
 76411 | Zot:5    | Got the Orb of Zot
 76459 | Zot:5    | Noticed Ocoomeuch the pandemonium lord
 76465 | Abyss:5  | Cast into level 5 of the Abyss (Ocoomeuch)
 76492 | Zot:5    | Escaped the Abyss
 76503 | Zot:5    | Killed Ocoomeuch the pandemonium lord
 76505 | Zot:5    | Noticed Vedeg the pandemonium lord
 76519 | Zot:4    | Noticed Huwaud the pandemonium lord
 77026 | D:7      | Noticed Sicoess the pandemonium lord
 77145 | D:$      | Escaped with the Orb!

Illustrated notes

Levels and vault maps discovered:
D:1:      elethiomel_arrival_infinity_welcomes_careful_drivers, layout_basic,
          ebering_ecumenical_altar_mist
D:2:      layout_basic, amcnicky_mini_pool_small
D:3:      cheibrodos_greedy_goblins, layout_basic, overflow_temple_1_default,
          chequers_temple_overflow_statue_of_worship, serial_shops, shop,
          chequers_serial_rivers_marsh, uniq_ijyb, uniq_natasha, uniq_jessica
D:4:      layout_loops_ring, minmay_temple_entry_statues_pillars,
          minmay_misc_feat_diagonals, nicolae_shop_self_help
D:5:      layout_basic, overflow_temple_1_default, st_stairs_11
D:6:      layout_loops_ring, minitemple, ebering_ghost_rock_garden, uniq_maggie
D:7:      layout_loops_corners, nicolae_ossuary_entry_catacombs,
          uniq_crazy_yiuf_cottage
D:8:      layout_basic, david_lair_generic, enter_bailey_3,
          minmay_fire_ice_demons
D:9:      layout_basic, makhleb_altar_promises_db,
          kennysheep_orc_monster_closet_entryway, serial_corexii_hall,
          corexii_hall_statues_l, corexii_hall_statues_l,
          corexii_hall_statues_s, chequers_hall_statues_y
D:10:     layout_long_grid, dreamdust_princess_corridor
D:11:     layout_stronghold, gauntlet_entry_generic
D:12:     layout_gridville
D:13:     layout_cave_pools
D:14:     layout_irregular_city, hangedman_vaults_entry_quadrant_bands,
          hangedman_decor_push
D:15:     grunt_enter_depths_hoard, layout_basic, serial_shops, shop,
          guppyfry_shop_earth
Temple:   hellmonk_temple_beads
Lair:1:   layout_gridlike, kennysheep_rathole, grunt_megastairs_2,
          uniq_gastronok
Lair:2:   layout_chaotic_city, minmay_swamp_entry_reptiles,
          gammafunk_ghost_arena, st_stairs_8, minivault_24
Lair:3:   regret_index_harrowing_hell_hive, layout_misc_corridors,
          dummy_snake_entry, grunt_megastairs_5
Lair:4:   layout_gridlike, minmay_slime_entry_oklob_enclosed,
          gammafunk_ghost_grave, grunt_forest_large_clearings
Lair:5:   evil_forest, layout_small_grid, portal_ice_cave_demonic_guard,
          uniq_josephine
Snake:1:  layout_rooms
Snake:2:  layout_basic, minmay_shop_grove, uniq_vashnia
Snake:3:  layout_layer_cave, ebering_ghost_gozag, grunt_megastairs_3,
          serial_bayou_shore_b, lemuel_fruit_tree
Snake:4:  minmay_snake_end_coiled, layout_cave_town, serial_shops, shop,
          uniq_aizul
Orc:1:    layout_caves, serial_shops, shop
Orc:2:    grunt_orc_community_town_hall, layout_diamond_mine,
          grunt_orc_community_big_house_1, grunt_orc_community_big_house_2,
          grunt_orc_community_house_1, grunt_orc_community_house_1,
          grunt_orc_community_house_3, grunt_orc_community_house_2,
          grunt_orc_community_house_3, serial_shops, nicolae_shop_waterfront,
          shop
Elf:1:    eino_elf_arrival_customs, layout_geoelf_grid, serial_shops,
          shop_statue, hangedman_elf_represent
Elf:2:    elven_hall_of_blades_hangedman_alternative
          [nicolae_blade_entry_diamond_columns], layout_geoelf_octagon,
          serial_shops, nicolae_shop_tiny_statue_garden, uniq_zenata,
          uniq_nikola, uniq_louise
Elf:3:    grunt_elf_hall_asides, layout_geoelf_castle, serial_shops,
          nicolae_shop_dealshenge, nicolae_shop_gibbet_a_chance, special_room
          [special_room_orc], minmay_misc_feat_five,
          nicolae_shop_i_like_big_books, minivault_23
Vaults:1: vaults_room_large_hall, v_misc_13, nicolae_vaults_three_branches,
          st_lattice, nicolae_vaults_tetromino_Z_1, grunt_vaults_swirl,
          nicolae_vaults_spaceships, nicolae_vaults_little_ls,
          grunt_vaults_hallway_short, nicolae_vaults_mini_display_case,
          nicolae_vaults_tetromino_Z_1, vaults_dpeg_ring,
          grunt_vaults_hallway_short, hangedman_vaults_capsules,
          layout_vaults_omnicross, serial_shops, nicolae_shop_rolling_square,
          uniq_saint_roka
Vaults:2: ebering_ghost_disaster_area, nicolae_vaults_octothorpe, v_rooms_4,
          v_misc_33, nicolae_vaults_disappearing_quadrants,
          nicolae_vaults_closet_pinwheel_3, v_misc_28, nicolae_vaults_diamond_2,
          v_misc_30, v_misc_27, vaults_dpeg_encased_lava, layout_vaults_omnibox,
          nicolae_trove_entry_columns
Vaults:3: vaults_room_mumra_shop_pool, nicolae_vaults_network_barrier,
          minmay_crypt_entry_necro_gods, vaults_mumra_chevron_long,
          ontoclasm_vaults_decontamination, nicolae_vaults_diagonal_hallway_8,
          nicolae_vaults_surprise_closet, layout_vaults_omnigrid, serial_shops,
          shop, uniq_asterion
Vaults:4: vaults_room_door_hall, nicolae_vaults_trapezoid_2,
          vaults_room_semicircle, nicolae_vaults_stairing_the_circle, v_misc_1,
          nicolae_vaults_door_testing_chamber, nicolae_vaults_closet_pinwheel_2,
          nicolae_vaults_double_plus_2, vaults_mumra_minichess,
          layout_vaults_ring, uniq_norris
Vaults:5
Depths:1: layout_cave_shapes, eino_curves_01, pf_coc_iceberg,
          infiniplex_enter_wizlab_spiral, nicolae_ashenzari_skybound
Depths:2: evilmike_iron_armoury, layout_gridlike, enter_ziggurat_c,
          grunt_pan_entry_sceptre, nrook_uturn, hell_entry
Depths:3: constructs_gauntlet_mu_hangedman, layout_long_grid,
          nicolae_elevator_lobby_asterisk, abyss_entry_crystal,
          grunt_metal_band, minmay_shoptagon
Depths:4: grunt_zot_entry_alcove, layout_small_grid, abyss_entry_glasseish,
          lemuel_round_altar, pf_hell_entry_tar_river, serial_shops, shop,
          chequers_serial_rivers_micro_c, uniq_margery
Zot:1:    layout_concentric_octagons, basic_altar, uniq_josephina
Zot:2:    gammafunk_sealed_arena, layout_misc_corridors,
          regret_index_zotdec_gossamer_parallel, drop_trap,
          hangedman_xom_zot_hilarity, uniq_vv
Zot:3:    layout_misc_corridors, st_large_dragon_hoard_3
Zot:4:    layout_gridlike, gammafunk_ghost_wrathful_warriors,
          hangedman_zot_decor_scrapings
Zot:5:    layout_basic

Skill      XL: |  1  2  3  4  5  6  7  8  9 10 11 12 13 14 15 16 17 18 19 20 21 22 23 24 25 26 27 |
---------------+----------------------------------------------------------------------------------+-----
Fighting       | 2 3 4 5 7 8 10 12 14 16 17 19 21 | 21.8
Unarmed Combat | 3 4 5 6 7 9 10 11 12 13 14 15 16 17 19 20 21 22 23 24 25 27 | 27.0
Shapeshifting  | 4 5 6 7 9 10 11 13 14 15 16 17 19 20 21 22 23 24 27 | 27.0
Dodging        | 8 12 13 15 | 15.2
Armour         | 4 5 7 10 | 10.0
Invocations    | 12 14 | 14.0
Shields        | 4 7 10 11 | 11.6

Action                     |  1- 3 |  4- 6 |  7- 9 | 10-12 | 13-15 | 16-18 | 19-21 | 22-24 | 25-27 || total
---------------------------+-------+-------+-------+-------+-------+-------+-------+-------+-------++-------
  Melee: Unarmed           |   104 |   158 |   272 |   488 |   470 |  1020 |  1115 |  1324 |   951 ||  5902
         Headbutt          |    11 |    25 |    49 |       |       |       |       |   111 |   220 ||   416
         Punch             |     1 |     4 |     8 |       |       |       |     4 |       |       ||    17
         Constrict         |       |       |     4 |    98 |    89 |   230 |   222 |    95 |       ||   738
  Evoke: Wand              |       |       |       |       |       |     1 |       |       |     1 ||     2
    Use: Scroll            |       |     5 |     3 |     8 |     5 |    10 |     1 |    10 |     7 ||    49
         Potion            |       |       |     4 |     5 |     4 |     9 |    10 |     4 |    24 ||    60
   Stab: Sleeping          |     1 |     1 |       |       |       |       |       |       |       ||     2
         Distracted        |       |       |       |       |       |       |       |       |     3 ||     3
         Confused          |       |       |       |       |       |       |       |       |     1 ||     1
 Armour: Animal skin       |    64 |    99 |   144 |       |       |       |       |       |       ||   307
         Skin              |       |       |    26 |   348 |   316 |   598 |   613 |   600 |   658 ||  3159
  Dodge: Dodged            |    36 |    54 |    65 |   165 |   135 |   345 |   448 |   814 |   619 ||  2681
         Repelled          |       |       |       |       |     3 |    26 |    19 |    35 |    47 ||   130
  Block: Other             |       |       |     6 |   161 |   211 |   483 |   373 |   236 |       ||  1470
         Reflection        |       |       |       |    19 |     5 |    77 |    41 |    43 |    22 ||   207
         Kite shield       |       |       |       |       |       |       |       |   821 |  1321 ||  2142
   Form: Serpent           |       |       |     1 |       |       |     1 |     1 |       |       ||     3
         Storm             |       |       |       |       |       |       |     1 |       |       ||     1
         Statue            |       |       |       |       |       |       |       |     2 |       ||     2
                           |       |       |       |       |       |       |       |     1 |       ||     1

Table legend: (Time is in decaauts)
 A = Elapsed time spent in this place.
 B = Non-inter-level travel time spent in this place.
 C = Inter-level travel time spent in this place.
 D = Time resting spent in this place.
 E = Time spent auto-exploring this place.
 F = Levels seen in this place.
 G = Mean time per level.
                   A        B        C        D        E       F      G
               +--------+--------+--------+--------+--------+-----+--------+
         Total |  81952 |  73299 |   8653 |  12047 |  47648 |  61 | 1343.5 |
       Dungeon |  20689 |  16811 |   3878 |   1768 |  12737 |  15 | 1379.3 |
        Temple |     98 |      1 |     97 |      0 |      0 |   1 |   98.0 |
          Lair |   6871 |   6060 |    811 |    682 |   4434 |   5 | 1374.2 |
     Snake Pit |   7756 |   7197 |    559 |   1709 |   4217 |   4 | 1939.0 |
  Orcish Mines |   2055 |   1667 |    388 |      0 |   1331 |   2 | 1027.5 |
   Elven Halls |   5312 |   4855 |    457 |    447 |   3380 |   3 | 1770.7 |
        Vaults |  14366 |  13017 |   1349 |   4123 |   7267 |   5 | 2873.2 |
        Depths |   7537 |   7012 |    525 |   1293 |   4480 |   4 | 1884.2 |
           Zot |  10387 |   9804 |    583 |   1161 |   6574 |   5 | 2077.4 |
         Abyss |   2020 |   2020 |      0 |     22 |    661 |  11 |  183.6 |
         Trove |    154 |    154 |      0 |      0 |     75 |   1 |  154.0 |
       Ossuary |    342 |    342 |      0 |      0 |    247 |   1 |  342.0 |
        Bailey |   1499 |   1499 |      0 |    307 |    777 |   1 | 1499.0 |
      Ice Cave |   1115 |   1115 |      0 |    223 |    460 |   1 | 1115.0 |
        Wizlab |   1047 |   1047 |      0 |      4 |    844 |   1 | 1047.0 |
      Gauntlet |    698 |    698 |      0 |    305 |    163 |   1 |  698.0 |
               +--------+--------+--------+--------+--------+-----+--------+

Top non-repeatable levels by time:
Vaults:4: 4260 daAuts
Vaults:1: 4013 daAuts
Depths:3: 2924 daAuts
   Zot:5: 2709 daAuts
   Zot:2: 2631 daAuts
 Snake:3: 2533 daAuts
   Zot:3: 2527 daAuts
Vaults:2: 2397 daAuts
Vaults:3: 2283 daAuts
Depths:2: 2125 daAuts
    D:14: 2076 daAuts
 Snake:4: 2065 daAuts
   Elf:2: 1998 daAuts
     D:6: 1915 daAuts
  Lair:3: 1908 daAuts
